 Dungeon Crawl Stone Soup version 0.30-a0-365-ge7f957f1db (webtiles) character file.

Game seed: 13051473117998185725

75 qeuew the Conjurer (level 4, 0/24 HPs)
             Began as a Deep Elf Conjurer on Nov 16, 2022.
             Killed by nerve-wracking pain
             ... invoked by an orc priest
              (5 damage)
             ... on level 2 of the Dungeon.
             The game lasted 00:02:52 (1197 turns).

qeuew the Conjurer (Deep Elf Conjurer)              Turns: 1197, Time: 00:02:52

Health: 0/24       AC:  2    Str:  4    XL:     4   Next: 11%
Magic:  5/11       EV: 13    Int: 23    God:
Gold:   17         SH:  0    Dex: 15    Spells: 7/10 levels left

rFire   . . .      SeeInvis .    d - staff of conjuration
rCold   . . .      Faith    .    (no shield)
rNeg    . . .      Spirit   .    a - +0 robe
rPois   .          Reflect  .    (no helmet)
rElec   .          Harm     .    (no cloak)
rCorr   .          Rampage  .    (no gloves)
Will    .....                    (no boots)
Stlth   ++........               (no amulet)
HPRegen 0.24/turn                (no ring)
MPRegen 0.12/turn                (no ring)

@: no status effects
A: no striking features
a: no special abilities


You were on level 2 of the Dungeon.
You visited 1 branch of the dungeon, and saw 2 of its levels.

You collected 17 gold pieces.

Inventory:

Armour
 a - a +0 robe (worn)
Magical Staves
 d - a staff of conjuration (weapon)
Scrolls
 f - a scroll of identify
 g - a scroll of amnesia
Potions
 c - a potion of flight
 e - a potion of heal wounds {unknown}


   Skills:
 * Level 0.9 Staves
 * Level 1.1 Armour
 + Level 3.1 Dodging
 + Level 3.2 Stealth
 + Level 3.5 Spellcasting
 + Level 4.7 Conjurations
 + Level 0.2 Evocations


You had 7 spell levels left.
You knew the following spells:

 Your Spells              Type           Power      Damage    Failure   Level
a - Magic Dart            Conj           100%       1d8       1%          1
b - Searing Ray           Conj           78%        2d7       2%          2

Your spell library contained the following spells:

 Spells                   Type           Power      Damage    Failure   Level
 Dazzling Flash           Conj/Hex       44%        N/A       12%         3
 Fulminant Prism          Conj/Hex       11%        3d9       38%         4
 Iskenderun's Mystic Bla  Conj/Tloc      22%        2d6       38%         4


Dungeon Overview and Level Annotations

Branches:
Dungeon (2/15)

Altars:

Shops:
D:1 *


Message History

Your Armour skill increases to level 1!
An orc priest comes into view. It is wielding a +0 dagger.
You feel a surge of power!
The magic dart hits the orc priest!
The orc priest is heavily wounded.
The orc priest shouts!
You hear a shout!
The orc priest mumbles some strange prayers to Beogh against you.
Beogh smites you!
* * * LOW HITPOINT WARNING * * *
You are too injured to fight recklessly!
You are too injured to fight recklessly!
You are too injured to fight recklessly!
Magic courses through your body.
Aiming: Magic Dart (safe; 1% risk of failure)
Press: ? - help, Q - select action, (/) - cycle Shift-Dir - straight line, f/p - orc priest
Aim: an orc priest, wielding a +0 dagger (heavily wounded, 100% to hit)
You feel a surge of power!
The magic dart hits the orc priest.
The orc priest is almost dead.
You hear a shout!
An orc priest comes into view. It is wielding a +0 dagger.
Aiming: Magic Dart (safe; 1% risk of failure)
Press: ? - help, Q - select action, (/) - cycle Shift-Dir - straight line, f/p - orc priest
Aim: an orc priest, wielding a +0 dagger (almost dead, 100% to hit)
You feel a surge of power!
The magic dart hits the orc priest.
You kill the orc priest!
Your Dodging skill increases to level 3!
You have reached level 4!
You feel clever.
Aiming: Magic Dart (safe; 1% risk of failure)
Press: ? - help, Q - select action, (/) - cycle Shift-Dir - straight line, f - orc priest
Aim: an orc priest, wielding a +0 dagger and wearing a +0 leather armour (100% to hit)
You feel a surge of power!
The magic dart hits the orc priest!
The orc priest is heavily wounded.
Aiming: Magic Dart (safe; 1% risk of failure)
Press: ? - help, Q - select action, (/) - cycle Shift-Dir - straight line, f/p - orc priest
Aim: an orc priest, wielding a +0 dagger and wearing a +0 leather armour (heavily wounded, 100% to hit)
You feel a surge of power!
The magic dart hits the orc priest.
The orc priest is severely wounded.
The orc priest mumbles some strange prayers to Beogh against you.
Pain shoots through your body!
You die...

[.# #.# #.# #.# #.# #..
#.# ###.. #.######....
#.##........
#.##.###....
..o##########.##.####.##
...†..)@.#........# #.#
########...##.##..# #.#
..###..##.##(.###.##
...##.....##........
..$#..#...#..###.##
.o#..#...#........
$#..............<
##........###..##
##........##...#


You could see an orc priest.

Vanquished Creatures
  An orc priest (D:2)
  A gnoll (D:1)
  2 orcs (D:2)
  2 endoplasms (D:1)
  3 giant cockroaches (D:1)
  A goblin (D:1)
  5 hobgoblins
  A quokka (D:1)
  2 ball pythons
  3 bats (D:1)
  2 frilled lizards (D:1)
  7 kobolds (D:1)
  2 rats (D:1)
32 creatures vanquished.

Notes
Turn   | Place    | Note
-------+----------+-------------------------------------------
     0 | D:1      | qeuew the Deep Elf Conjurer began the quest for the Orb.
     0 | D:1      | Reached XP level 1. HP: 10/10 MP: 6/6
   115 | D:1      | Reached XP level 2. HP: 15/15 MP: 4/8
   118 | D:1      | Learned a level 2 spell: Searing Ray
   306 | D:1      | Found a faded altar of an unknown god.
   384 | D:1      | Reached XP level 3. HP: 19/19 MP: 7/9
   814 | D:1      | Found Mottu's Assorted Antiques.
   967 | D:1      | Identified a scroll of acquirement
   967 | D:1      | Acquired a staff of conjuration
  1176 | D:2      | Reached skill level 1 in Armour
  1196 | D:2      | Reached XP level 4. HP: 5/24 MP: 7/11
  1197 | D:2      | Killed from afar by an orc priest

Illustrated notes

Levels and vault maps discovered:
D:1:      scummos_arrival_simple_crosswalls, layout_rooms, serial_shops,
          nicolae_diamond_shop, shapermc_ecumenical_altar_mp_urbaneastern,
          minivault_4
D:2:      cheibrodos_pilgrimage, layout_loops_ring, minmay_circle_x

Skill      XL: |  1  2  3 |
---------------+----------+-----
Stealth        | 3 |  3.2
Armour         | 1 |  1.1
Dodging        | 3 |  3.1
Staves         | |  0.9
Spellcasting   | |  3.5
Conjurations   | |  4.7
Evocations     | |  0.2

Action                   |  1- 3 |  4- 6 || total
-------------------------+-------+-------++-------
Melee: Staff             |     3 |       ||     3
 Cast: Magic Dart        |    60 |     2 ||    62
  Use: Scroll            |     4 |       ||     4
       Potion            |     3 |       ||     3
Armor: Robe              |     1 |       ||     1
Dodge: Dodged            |     2 |       ||     2

Table legend: (Time is in decaauts)
 A = Elapsed time spent in this place.
 B = Non-inter-level travel time spent in this place.
 C = Inter-level travel time spent in this place.
 D = Time resting spent in this place.
 E = Time spent auto-exploring this place.
 F = Levels seen in this place.
 G = Mean time per level.
                   A        B        C        D        E       F      G
               +--------+--------+--------+--------+--------+-----+--------+
         Total |   1196 |   1105 |     91 |      0 |    946 |   2 |  598.0 |
       Dungeon |   1196 |   1105 |     91 |      0 |    946 |   2 |  598.0 |
               +--------+--------+--------+--------+--------+-----+--------+

Top non-repeatable levels by time:
     D:1: 1007 daAuts
     D:2: 189 daAuts
